 Dungeon Crawl Stone Soup version 0.22.1-2-g9c5b331383 (webtiles) character file.

95 Naru the Skirmisher (level 4, -3/41 HPs)
             Began as a Minotaur Fighter on Dec 22, 2018.
             Slain by a wyvern (4 damage)
             ... on level 3 of the Dungeon.
             The game lasted 00:04:11 (2329 turns).

Naru the Skirmisher (Minotaur Fighter)              Turns: 2329, Time: 00:04:12

Health: -3/41      AC:  6    Str: 21    XL:     4   Next: 39%
Magic:  3/3        EV:  7    Int:  5    God:
Gold:   173        SH:  9    Dex: 10    Spells: 3/3 levels left

rFire    . . .     SeeInvis .   a - +0 war axe
rCold    . . .     Gourm    .   c - +0 shield
rNeg     . . .     Faith    .   b - +0 scale mail
rPois    .         Spirit   .   (helmet restricted)
rElec    .         Reflect  .   (no cloak)
rCorr    .         Harm     .   (no gloves)
MR       .....                  (no boots)
Stlth    ..........             (no amulet)
HPRegen  0.13/turn              (no ring)
MPRegen  0.08/turn              (no ring)

@: no status effects
A: retaliatory headbutt, horns 2
a: no special abilities


You were on level 3 of the Dungeon.
You were not hungry.

You visited 1 branch of the dungeon, and saw 3 of its levels.

You collected 173 gold pieces.

Inventory:

Hand Weapons
 a - a +0 war axe (weapon)
Missiles
 i - 97 stones (quivered)
 t - 12 sling bullets
Armour
 b - a +0 scale mail (worn)
 c - a +0 shield (worn)
Jewellery
 e - an uncursed ring of flight {unknown}
Scrolls
 g - a scroll of enchant weapon {unknown}
 k - 2 scrolls of teleportation {unknown}
 l - 3 scrolls of remove curse {unknown}
 m - a scroll of enchant armour {unknown}
 n - 3 scrolls of identify {unknown}
 p - 2 scrolls of random uselessness {unknown}
 q - a scroll of amnesia {unknown}
 v - a scroll of magic mapping {unknown}
Potions
 d - a potion of might
 h - a potion of flight {unknown}
 o - 3 potions of mutation {unknown}
 r - a potion of berserk rage {unknown}
 s - a potion of invisibility {unknown}
 u - a potion of magic {unknown}
 w - a potion of curing {unknown}
Comestibles
 f - 5 rations
 j - a chunk of flesh


   Skills:
 * Level 4.6 Fighting
 * Level 4.3 Axes
 - Level 3.6 Armour
 + Level 4.2 Shields


You had 3 spell levels left.
You didn't know any spells.
Your spell library was empty.

Dungeon Overview and Level Annotations

Branches:
Dungeon (3/15)

Altars:
Uskayaw


Innate Abilities, Weirdness & Mutations

You reflexively headbutt those who attack you in melee.
You have a pair of horns on your head.


Message History

You block the wyvern's attack.
Unknown command.
Your scale mail prevents you from hitting the wyvern.
You headbutt the wyvern.
The wyvern is lightly wounded.
The wyvern bites you! x2
You closely miss the wyvern.
The wyvern is lightly wounded.
The wyvern bites you. You block the wyvern's attack. The wyvern bites you!
* * * LOW HITPOINT WARNING * * *
You hit the wyvern.
You headbutt the wyvern, but do no damage.
The wyvern is moderately wounded.
The wyvern barely misses you. You block the wyvern's attack.
You hit the wyvern but do no damage.
The wyvern is moderately wounded.
The wyvern bites you!
* * * LOW HITPOINT WARNING * * *
The wyvern bites you.
You die...

#.....# #.....#
#.....### #...?...
#.....# #S....# ..
#.....# ######
....########.....###
......
....>...@lS.........
######
######.######......
..... #.# ......
####.## #.# ..... .#
..# #.# ##########
.# #.# #.#
####...... .#
#.##### #.#
#.....####
.####.....# #.#
#.....##..
....)..)..# #.#
#.....##..


You could see a wyvern and an adder.

Vanquished Creatures
  2 adders (D:2)
  An ooze (D:1)
  A worm (D:2)
  3 dart slugs
  4 leopard geckos
  An orc (D:3)
  A ball python (D:2)
  5 bats
  3 giant cockroaches
  7 hobgoblins
  2 quokkas (D:2)
  5 frilled lizards
  9 goblins
  7 kobolds
  5 rats
56 creatures vanquished.

Notes
Turn   | Place    | Note
-------+----------+-------------------------------------------
     0 | D:1      | Naru the Minotaur Fighter began the quest for the Orb.
     0 | D:1      | Reached XP level 1. HP: 19/19 MP: 0/0
   200 | D:1      | Reached XP level 2. HP: 23/27 MP: 1/1
  1105 | D:2      | Reached XP level 3. HP: 25/34 MP: 2/2
  1250 | D:2      | Found a hide-covered altar of Uskayaw.
  1436 | D:2      | Reached XP level 4. HP: 33/41 MP: 3/3
  2319 | D:3      | Noticed a wyvern
  2329 | D:3      | HP: 1/41 [wyvern (9)]
  2329 | D:3      | Slain by a wyvern

Skill      XL: |  1  2  3  4 |
---------------+-------------+-----
Fighting       | 4 |  4.6
Axes           | 3 4 |  4.3
Shields        | 4 |  4.2
Armour         | |  3.6

Action                   |  1- 3 |  4- 6 || total
-------------------------+-------+-------++-------
Melee: War axe           |   120 |    40 ||   160
       Headbutt          |    17 |     5 ||    22
  Eat: Chunk             |     2 |     3 ||     5
Armor: Scale mail        |    56 |    13 ||    69
Dodge: Dodged            |    29 |     8 ||    37
Block: Shield            |    60 |    20 ||    80
